 Dungeon Crawl Stone Soup version 0.20-a0-16-g0876c8e (webtiles) character file.

413 Elitist the Slasher (level 6, -13/42 HPs)
             Began as a High Elf Skald on Nov 4, 2016.
             Was a Believer of Cheibriados.
             Mangled by venusorbiting's ghost (15 damage)
             ... on level 4 of the Dungeon.
             The game lasted 00:09:21 (3231 turns).

Elitist the Slasher (High Elf Skald)                Turns: 3231, Time: 00:09:21

Health: -13/42     AC:  6    Str: 15    XL:     6   Next: 59%
Magic:  5/13       EV: 11    Int: 20    God:    Cheibriados [**....]
Gold:   170        SH:  0    Dex: 21    Spells: 4 memorised, 4 levels left

rFire  . . .     SeeInvis .     a - +0 falchion
rCold  . . .     Gourm    .     i - +0 ring mail
rNeg   . . .     Faith    .     (no shield)
rPois  .         Spirit   .     (helmet restricted)
rElec  .         Reflect  .     (no cloak)
rCorr  .         Harm     .     (no gloves)
MR     .....                    q - +0 pair of boots
Stlth  ++........               (no amulet)
                                (no ring)
                                l - ring of stealth

@: very slightly contaminated, very slow
A: antennae 1, claws 1, blurry vision 1
a: Bend Time, Renounce Religion


You were on level 4 of the Dungeon.
You worshipped Cheibriados.
Cheibriados was pleased with you.
You were hungry.

You visited 2 branches of the dungeon, and saw 5 of its levels.

You collected 170 gold pieces.

Inventory:

Hand Weapons
 a - a +0 falchion (weapon)
 b - a +0 hunting sling
Missiles
 g - 157 stones (quivered)
Armour
 e - a +0 leather armour
 i - a +0 ring mail (worn)
 q - a +0 pair of boots (worn)
Jewellery
 l - a ring of stealth (left claw)
 r - an uncursed ring of protection from fire {unknown}
Wands
 o - a wand of iceblast (4/15)
 p - a wand of lightning (6/15)
Scrolls
 h - 2 scrolls of identify
 k - a scroll of amnesia
 m - 3 scrolls of remove curse
 n - 2 scrolls of teleportation
Potions
 j - 2 potions of curing
Books
 c - a book of Battle

   Spells                             Type                      Level
   a - Infusion                       Charms                       1
   b - Shroud of Golubria             Charms/Translocation         2
   c - Song of Slaying                Charms                       2
   d - Spectral Weapon                Hexes/Charms                 3
   e - Regeneration                   Charms/Necromancy            3
Comestibles
 d - a bread ration
 f - a chunk of flesh


   Skills:
 + Level 3.6 Fighting
 * Level 5.7 Long Blades
 - Level 0.8 Armour
 - Level 1.1 Dodging
 - Level 4.0 Spellcasting
 + Level 0.0 Hexes
 - Level 5.0 Charms
 + Level 0.0 Necromancy


You had 4 spell levels left.
You knew the following spells:

 Your Spells              Type           Power        Failure   Level  Hunger
a - Infusion              Chrm           ###.         3%          1    None
b - Song of Slaying       Chrm           ###.....     6%          2    #......
c - Regeneration          Chrm/Necr      ##........   28%         3    ###....
d - Spectral Weapon       Hex/Chrm       ##......     28%         3    ###....


Dungeon Overview and Level Annotations

Branches:
Dungeon (4/15)             Temple (1/1) D:4

Altars:
Ashenzari
Cheibriados
Dithmenos
Elyvilon
Fedhas
Gozag
Hepliaklqana
Kikubaaqudgha
Makhleb
Nemelex Xobeh
Okawaru
Qazlal
Ru
Sif Muna
Trog
Uskayaw
Vehumet
Xom
Yredelemnul
Zin
The Shining One

Annotations:
D:2 exclusion: upstairs
D:4 venusorbiting's ghost, novice TrBe


Innate Abilities, Weirdness & Mutations

You have a pair of small antennae on your head.
You have sharp fingernails.
Scrolls take you a little longer to read.


Message History

Venusorbiting's ghost barely misses your spectral weapon.
Venusorbiting's ghost feints to the left.
Venusorbiting's ghost hits your spectral weapon!
Your spectral weapon shares its damage with you!
* * * LOW HITPOINT WARNING * * *
You see here a scroll of immolation.
Your magical infusion is running out.
Venusorbiting's ghost hits your spectral weapon!
Your spectral weapon shares its damage with you!
Your spectral weapon fades away.
* * * LOW HITPOINT WARNING * * *
Venusorbiting's ghost screams, "You will never get the ORB!"
Press: ? - help, v - describe, . - travel The floor.
You are no longer magically infusing your attacks.
Venusorbiting's ghost barely misses you.
You riposte.
You hit venusorbiting's ghost.
Venusorbiting's ghost is moderately damaged.
Venusorbiting's ghost hits you!
You die...

#...##########....#
#...##.......#....#
#...##............#
###########.............>...#
..............##.......#...>#
....#######...##.......#....#
....# #.....##(......#....#
.#.## #.#...##.......######
##..## ##.#.....@.######
.....###....#####W#
###..##....## #..# #
##.#....## #.## ####...#.##
#.# ..........######.#####
####.................####
#........##.............#
..#..######.............#


You could see venusorbiting's ghost.

Vanquished Creatures
  Grinder (D:2)
  An orc wizard (D:3)
  An orc priest (D:3)
  Terence (D:3)
  Ijyb (D:3)
  4 adders
  An adder skeleton (D:4)
  2 worms
  A dart slug (D:2)
  A leopard gecko (D:3)
  5 orcs
  7 bats
  6 goblins
  4 hobgoblins
  3 jackals (D:1)
  A quokka (D:3)
  A ball python (D:4)
  2 frilled lizards
  8 kobolds
  7 rats
58 creatures vanquished.

Vanquished Creatures (others)
  A spectral weapon (D:4)
1 creature vanquished.

Grand Total: 59 creatures vanquished

Notes
Turn   | Place    | Note
-------+----------+-------------------------------------------
     0 | D:1      | Elitist the High Elf Skald began the quest for the Orb.
     0 | D:1      | Reached XP level 1. HP: 14/14 MP: 4/4
   268 | D:1      | Reached XP level 2. HP: 19/19 MP: 6/6
   731 | D:2      | Found a faded altar of an unknown god.
   761 | D:2      | Reached XP level 3. HP: 21/25 MP: 8/8
   765 | D:2      | Learned a level 2 spell: Song of Slaying
   769 | D:2      | Learned a level 3 spell: Regeneration
   826 | D:2      | Found a snail-covered altar of Cheibriados.
  1425 | D:2      | Became a worshipper of Cheibriados the Contemplative
  1425 | D:2      | Reached * piety under Cheibriados
  1642 | D:3      | Noticed Grinder
  1642 | D:3      | Paralysed by Grinder for 5 turns
  1652 | D:3      | Paralysed by Grinder for 3 turns
  1671 | D:2      | Killed Grinder
  1671 | D:2      | Reached skill level 5 in Long Blades
  1671 | D:2      | Reached XP level 4. HP: 6/31 MP: 8/10
  1671 | D:2      | Reached XP level 5. HP: 7/36 MP: 8/11
  1995 | D:3      | Gained mutation: You have sharp fingernails. [potion of mutation]
  1995 | D:3      | Gained mutation: Scrolls take you a little longer to read. [potion of mutation]
  1995 | D:3      | Gained mutation: You have a pair of small antennae on your head. [potion of mutation]
  2012 | D:3      | Reached XP level 6. HP: 26/42 MP: 8/12
  2188 | D:3      | Noticed Terence
  2201 | D:3      | Killed Terence
  2246 | D:3      | Reached skill level 5 in Charms
  2284 | D:3      | Noticed Ijyb
  2294 | D:3      | Killed Ijyb
  2485 | D:3      | Reached ** piety under Cheibriados
  2946 | D:4      | Found a staircase to the Ecumenical Temple.
  2956 | Temple   | Entered the Ecumenical Temple
  3122 | D:4      | Learned a level 3 spell: Spectral Weapon
  3210 | D:4      | Noticed venusorbiting's ghost (novice TrBe)
  3222 | D:4      | HP: 2/42 [venusorbiting's ghost (5)]
  3231 | D:4      | Mangled by venusorbiting's ghost

Vault maps used:
D:1:      evilmike_arrival_hilbert_curve, minmay_tromino_mix6
D:2:      ecumenical_altar_2, cheibriados_altar_1
D:3:      patterned_corridor, uniq_iyjb, uniq_grinder, uniq_terence
D:4:      first_bread, xom_redecorated
Temple:   kilobyte_greek_temple

Skill      XL: |  1  2  3  4  5  6 |
---------------+-------------------+-----
Long Blades    | 3 5 |  5.7
Charms         | 4 5 |  5.0
Fighting       | 3 |  3.6
Spellcasting   | 3 4 |  4.0
Armour         | |  0.8
Dodging        | |  1.1

Action                   |  1- 3 |  4- 6 || total
-------------------------+-------+-------++-------
Melee: Falchion          |   101 |    93 ||   194
 Fire: Hunting sling     |     2 |     4 ||     6
Throw: Stone             |       |     1 ||     1
 Cast: Infusion          |     1 |     5 ||     6
       Spectral Weapon   |       |     1 ||     1
Evoke: Wand              |     4 |     1 ||     5
  Use: Scroll            |     7 |       ||     7
       Potion            |     2 |     1 ||     3
 Stab: Sleeping          |     3 |     3 ||     6
  Eat: Chunk             |     2 |     2 ||     4
Armor: Ring mail         |    55 |    28 ||    83
       Leather armour    |     2 |       ||     2
Dodge: Dodged            |    64 |    51 ||   115
       Rpst.: Falchion   |    14 |    17 ||    31
